 Dungeon Crawl Stone Soup version 0.21-a0-528-gf531e82 (webtiles) character file.

116 slep the Shield-Bearer (level 5, 0/28 HPs)
             Began as a Vine Stalker Fighter on Dec 9, 2017.
             Succumbed to an adder's poison
             ... on level 3 of the Dungeon.
             The game lasted 00:05:37 (1159 turns).

slep the Shield-Bearer (Vine Stalker Fighter)       Turns: 1159, Time: 00:05:38

Health: 0/28       AC:  6    Str: 20    XL:     5   Next: 1%
Magic:  1/6        EV:  7    Int:  8    God:
Gold:   48         SH:  9    Dex: 13    Spells: 4/4 levels left

rFire    . . .     SeeInvis .   a - +0 war axe
rCold    . . .     Gourm    .   c - +0 shield
rNeg     + . .     Faith    .   b - +0 scale mail
rPois    .         Spirit   +   (no helmet)
rElec    .         Reflect  .   (no cloak)
rCorr    .         Harm     .   (no gloves)
MR       .....                  (no boots)
Stlth    ..........             (no amulet)
HPRegen  0.49/turn              m - ring of positive energy
MPRegen  0.10/turn              p - ring of flight

@: lethally poisoned (0 -> 0)
A: fangs 2, regeneration 1, magic shield, antimagic bite, no potion heal 3, rot
immunity
a: Evoke Flight


You were on level 3 of the Dungeon.
You were not hungry.

You visited 1 branch of the dungeon, and saw 3 of its levels.

You collected 48 gold pieces.

Inventory:

Hand Weapons
 a - a +0 war axe (weapon)
Armour
 b - a +0 scale mail (worn)
 c - a +0 shield (worn)
Magical Staves
 s - an uncursed staff of fire
Jewellery
 m - a ring of positive energy (left hand)
 p - a ring of flight (right hand)
Scrolls
 g - a scroll of fog {unknown}
 h - a scroll of remove curse {unknown}
 k - a scroll of magic mapping {unknown}
 n - a scroll of identify {unknown}
 o - a scroll of noise {unknown}
 q - a scroll of random uselessness {unknown}
Potions
 d - 2 potions of might
 e - a potion of haste {unknown}
 i - a potion of mutation {unknown}
 j - 2 potions of heal wounds {unknown}
Comestibles
 f - 2 bread rations
 l - a meat ration
 r - a chunk of flesh
 t - 2 fruits


   Skills:
 + Level 3.2 Fighting
 + Level 2.5 Axes
 + Level 3.2 Armour
 + Level 0.3 Dodging
 + Level 3.3 Shields


You had 4 spell levels left.
You didn't know any spells.

Dungeon Overview and Level Annotations

Branches:
Dungeon (3/15)

Altars:
Dithmenos
Vehumet


Innate Abilities, Weirdness & Mutations

You have extremely sharp teeth.
Your natural rate of healing is unusually fast.
When hurt, damage is shared between your health and your magic reserves.
Your bite disrupts and absorbs the magic of your enemies.
Potions cannot restore your health.
You are immune to rotting.


Message History

You block the hound's attack. The adder bites you but does no damage.
The hound barely misses you.
You hit the adder but do no damage. Your bite misses the adder.
You closely miss the hound.
You feel sick. The hound completely misses you. The adder closely misses you.
The hound closely misses you. You block the adder's attack.
You slash the adder!
You kill the adder!
You have reached level 5!
Your shield and scale mail prevent you from hitting the hound.
You feel sick. The hound barely misses you.
The hound bites you but does no damage.
You closely miss the hound.
The hound is moderately wounded.
You block the hound's attack. The hound bites you.
* * * LOW HITPOINT WARNING * * *
Your shield prevents you from hitting the hound.
You bite the hound, but do no damage.
The hound is moderately wounded.
You die...

...#.#......)..
.....#.........
###.........<..#
.............$[#
#...............
#..............#
#......).h.....#
#......#@†.#
#.##)†..#
#..#.#..#
######.#.#..#
.........#..####.#
.#####.##..#.....
#...#..#.##.#
#.#.#..#.##.#
#.#....#.##.#


You could see a hound.

Vanquished Creatures
  6 adders
  2 worms (D:2)
  3 dart slugs
  An orc (D:3)
  4 giant cockroaches
  9 goblins
  5 hobgoblins
  2 quokkas (D:2)
  6 bats
  2 frilled lizards (D:1)
  6 kobolds
  4 rats
50 creatures vanquished.

Vanquished Creatures (others)
  A kobold (D:2)
1 creature vanquished.

Grand Total: 51 creatures vanquished

Notes
Turn   | Place    | Note
-------+----------+-------------------------------------------
     0 | D:1      | slep the Vine Stalker Fighter began the quest for the Orb.
     0 | D:1      | Reached XP level 1. HP: 11/11 MP: 2/2
   107 | D:1      | Reached XP level 2. HP: 9/16 MP: 3/3
   250 | D:1      | Reached XP level 3. HP: 9/20 MP: 4/4
   720 | D:2      | Gained mutation: Your natural rate of healing is unusually fast. [Vine Stalker growth]
   720 | D:2      | Reached XP level 4. HP: 9/24 MP: 3/5
   727 | D:2      | Found a faded altar of an unknown god.
   923 | D:2      | Found a radiant altar of Vehumet.
  1104 | D:3      | Found a shadowy altar of Dithmenos.
  1157 | D:3      | Reached XP level 5. HP: 3/28 MP: 0/6
  1158 | D:3      | HP: 1/28 [hound (3)]
  1159 | D:3      | Succumbed to an adder's poison

Vault maps used:
D:1:      lordsloth_arrival_two_stooges
D:2:      fiery_altar_vehumet, first_bread,
          chequers_ecumenical_altar_simple_redux, minmay_misc_feat_doors,
          grunt_ministairs_9
D:3:      cheibrodos_helix_gallery, lemuel_doored_altar, grunt_dithmenos_smoke,
          uniq_jessica

Skill      XL: |  1  2  3  4 |
---------------+-------------+-----
Shields        | 3 |  3.3
Fighting       | 3 |  3.2
Axes           | 2 |  2.5
Armour         | 3 |  3.2
Dodging        | |  0.3

Action                   |  1- 3 |  4- 6 || total
-------------------------+-------+-------++-------
Melee: War axe           |   115 |    46 ||   161
       Bite              |    26 |    10 ||    36
  Eat: Chunk             |       |     1 ||     1
Armor: Scale mail        |    49 |    27 ||    76
Dodge: Dodged            |    41 |    25 ||    66
Block: Shield            |    76 |    40 ||   116

Table legend:
 A = Spawn XP
 B = Non-spawn XP
 C = Spawn XP percentage of total XP
 D = Spawn monster count
 E = Non-spawn monster count
 F = Spawn count percentage of total count
 G = Total turns spent on level
                    A         B        C        D         E        F      G
               +---------+---------+-------+---------+---------+-------+---------
         Total |       0 |     167 |   0.0 |       0 |      50 |   0.0 |  1159
               +---------+---------+-------+---------+---------+-------+---------
           D:1 |       0 |      38 |   0.0 |       0 |      21 |   0.0 |   600
           D:2 |       0 |     107 |   0.0 |       0 |      24 |   0.0 |   491
           D:3 |       0 |      22 |   0.0 |       0 |       5 |   0.0 |    68
               +---------+---------+-------+---------+---------+-------+---------
